 Dungeon Crawl Stone Soup version 0.32-a0-994-gabb26cbae4 (webtiles) character file.

Game seed: 5902635295155139930

336 P0WERM0DE the Chopper (level 6, -6/51 HPs)
             Began as a Coglin Chaos Knight on Apr 22, 2024.
             Was a Plaything of Xom.
             Mangled by a fire bat (7 damage)
             ... on level 4 of the Dungeon.
             The game lasted 00:01:46 (2161 turns).

P0WERM0DE the Chopper (Coglin Chaos Knight)         Turns: 2161, Time: 00:01:47

Health: -6/51      AC:  5    Str: 10    XL:     6   Next: 54%
Magic:  6/6        EV: 10    Int: 14    God:    Xom [...*..]
Gold:   95         SH:  0    Dex: 13    Spells: 5/5 levels left

rFire   . . .        a - +0 hand axe (chaos) {Suthep}
rCold   + . .        n - +1 hand axe of the Final Decision {speed, rC+}
rNeg    . . .        b - +2 leather armour
rPois   +            (no helmet)
rElec   .            (no cloak)
rCorr   .            (no gloves)
SInv    .            (no boots)
Will    .....        (amulet unavailable)
Stlth   +            (ring unavailable)
HPRegen 1.08/turn    (ring unavailable)
MPRegen 0.10/turn    (no gizmo)

%: no passive effects
@: revved
A: off-hand wielding, slow wielding, warmup strikes, no jewellery, poison
resistance, regeneration 1, weak 1, inability to read after injury 1
a: Invent Gizmo, Renounce Religion


You were on level 4 of the Dungeon.
You worshipped Xom.
You were a favourite toy of Xom.
You visited 1 branch of the dungeon, and saw 4 of its levels.

You collected 1080 gold pieces.
You spent 985 gold pieces at shops.

Inventory:

Hand Weapons
 a - a +0 hand axe of chaos (weapon) {Suthep}
 d - a +0 dagger {Cuahtemoc}
 n - the +1 hand axe of the Final Decision (offhand) {speed, rC+}
   (You found it on level 3 of the Dungeon)

   rC+:       It protects you from cold.
Missiles
 i - a throwing net (quivered)
Armour
 b - a +2 leather armour (worn)
Scrolls
 c - a scroll of butterflies
 e - 2 scrolls of brand weapon
 k - a scroll of acquirement
 l - 3 scrolls of enchant armour
 o - a scroll of amnesia {unknown}
 p - a scroll of revelation {unknown}
 r - 2 scrolls of identify
 t - 5 scrolls of teleportation
 z - a scroll of blinking
Potions
 f - a potion of heal wounds {unknown}
 g - a potion of cancellation {unknown}
 h - a potion of lignification {unknown}
 j - a potion of magic {unknown}
 m - a potion of degeneration {unknown}
 q - a potion of invisibility {unknown}


   Skills:
 * Level 5.4 Fighting
 * Level 5.4 Axes
 - Level 1.7 Armour
 - Level 0.8 Dodging


You had 5 spell levels left.
You didn't know any spells.
Your spell library contained the following spells:

 Spells                   Type           Power      Damage    Failure   Level
 Dazzling Flash           Conj/Hex       0%         N/A       75%         3
 Mephitic Cloud           Conj/Alch/Air  0%         N/A       75%         3
 Silence                  Hex/Air        0%         N/A       100%        5


Dungeon Overview and Level Annotations

Branches:
Dungeon (4/15)
 Temple: D:4-7

Altars:
Xom
Zin

Shops:
D:1 ?   D:3 ?


Innate Abilities, Weirdness & Mutations

You can wield a second weapon in your off-hand.
It takes a long time for you to wield or remove held weapons.
Your first few attacks do less damage.
You cannot equip rings or amulets.
Your system is resistant to poisons. (rPois)
Your natural rate of healing is unusually fast.
You are weak. (Str -2)
You occasionally lose the ability to read scrolls when taking damage.


Message History

You hit the ball python with your +0 hand axe of chaos.
You hit the orc wizard with the +1 hand axe of the Final Decision.
You closely miss the ball python with the +1 hand axe of the Final Decision.
The ball python bites you but does no damage.
The ball python constricts you.
The orc wizard hits you with a +0 dagger.
You hit the orc wizard with the +1 hand axe of the Final Decision.
The orc wizard is severely wounded.
You barely miss the ball python with the +1 hand axe of the Final Decision.
You closely miss the orc wizard with your +0 hand axe of chaos.
You closely miss the ball python with your +0 hand axe of chaos.
The fire bat bites the ball python.
The ball python is engulfed in flames.
The ball python dies!
You barely miss the orc wizard with your +0 hand axe of chaos.
The orc wizard is severely wounded.
You hit the orc wizard but do no damage.
The orc wizard hits you with a +0 dagger.
You hit the orc wizard with the +1 hand axe of the Final Decision.
The orc wizard is severely wounded.
You hit the orc wizard with your +0 hand axe of chaos.
You kill the orc wizard!
The fire bat bites you.
You are engulfed in flames!
* * * LOW HITPOINT WARNING * * *
The fire bat completely misses you.
Items here: )) [ †.
You closely miss the fire bat with your +0 hand axe of chaos.
The fire bat is lightly wounded.
You closely miss the fire bat with the +1 hand axe of the Final Decision.
The fire bat bites you.
* * * LOW HITPOINT WARNING * * *
You are engulfed in flames!
* * * LOW HITPOINT WARNING * * *
You hit the fire bat with your +0 hand axe of chaos.
The fire bat becomes as fragile as glass!
The fire bat is moderately wounded.
You hit the fire bat with the +1 hand axe of the Final Decision.
The fire bat bites you.
* * * LOW HITPOINT WARNING * * *
You are engulfed in flames!
You die...

........#..##.#
........#.....
#..........##.
#.[.!......>.
#...........
#<....)....#
###.....)....#
#......)..##..
#.....##@)..#
...##..#.b..##
.........)..# .
......>...#
.......?..##
.###.###.## #..
#.# ... ..# .#
.##


You could see a neutral fire bat (fast, strong, frenzied, slow, vitrified).

Vanquished Creatures
  2 centaurs (D:3)
  An orc priest (D:4)
  2 orc wizards (D:4)
  Terence (D:3)
  2 adders
  3 gnolls (D:2)
  4 dart slugs
  4 ribbon worms
  3 orcs (D:3)
  3 ball pythons
  3 endoplasms (D:1)
  3 giant cockroaches
  6 goblins
  4 hobgoblins
  2 quokkas
  5 bats
  4 frilled lizards
  2 kobolds (D:1)
  3 rats
57 creatures vanquished.

Vanquished Creatures (collateral kills)
  An orc priest (D:4)
  An orc (D:4)
  A ball python (D:4)
3 creatures vanquished.

Grand Total: 60 creatures vanquished

Notes
Turn   | Place    | Note
-------+----------+-------------------------------------------
     0 | D:1      | P0WERM0DE the Coglin Chaos Knight began the quest for the
                  | Orb.
     0 | D:1      | Reached XP level 1. HP: 18/18 MP: 1/1
    74 | D:1      | XOM: 1-stop teleportation journey
   119 | D:1      | Reached XP level 2. HP: 20/24 MP: 2/2
   166 | D:1      | XOM: cloud trail
   188 | D:1      | Found Jodochol's Magic Scroll Shoppe.
   195 | D:1      | Bought a scroll of identify for 24 gold pieces
   219 | D:1      | XOM: scenery: create altars
   321 | D:1      | Reached XP level 3. HP: 25/29 MP: 3/3
   449 | D:1      | XOM: noise
   588 | D:1      | XOM: god gift: scroll of brand weapon
  1038 | D:2      | XOM: give mutations
  1038 | D:2      | Gained mutation: Your natural rate of healing is unusually
                  | fast. [Xom's mischief]
  1038 | D:2      | Gained mutation: You occasionally lose the ability to read
                  | scrolls when taking damage. [Xom's mischief]
  1038 | D:2      | Gained mutation: Your system is resistant to poisons.
                  | (rPois) [Xom's mischief]
  1038 | D:2      | Gained mutation: You are weak. (Str -2) [Xom's mischief]
  1105 | D:2      | XOM: 5-stop teleportation journey
  1321 | D:2      | Reached XP level 4. HP: 31/37 MP: 4/4
  1430 | D:2      | Identified a scroll of acquirement
  1599 | D:3      | Noticed a centaur
  1601 | D:3      | XOM: confuse monster(s)
  1605 | D:3      | XOM: cleaving
  1613 | D:3      | Killed a centaur
  1614 | D:3      | Reached XP level 5. HP: 39/43 MP: 5/5
  1617 | D:3      | Killed a centaur
  1620 | D:3      | Identified the +1 hand axe of the Final Decision {speed,
                  | rC+}
  1749 | D:3      | Found a glowing silver altar of Zin.
  1788 | D:3      | Found Hamem's Magic Scroll Emporium.
  1796 | D:3      | Acquired 889 gold pieces
  1798 | D:3      | Bought a scroll of acquirement for 572 gold pieces
  1798 | D:3      | Bought a scroll of blinking for 82 gold pieces
  1798 | D:3      | Bought a scroll of teleportation for 33 gold pieces
  1798 | D:3      | Bought a scroll of teleportation for 33 gold pieces
  1798 | D:3      | Bought a scroll of teleportation for 33 gold pieces
  1798 | D:3      | Bought a scroll of identify for 22 gold pieces
  1798 | D:3      | Bought a scroll of identify for 22 gold pieces
  1798 | D:3      | Bought a scroll of enchant armour for 82 gold pieces
  1798 | D:3      | Bought a scroll of enchant armour for 82 gold pieces
  1804 | D:3      | Noticed Terence
  1810 | D:3      | Killed Terence
  1811 | D:3      | Reached skill level 5 in Fighting
  1811 | D:3      | Reached skill level 5 in Axes
  2099 | D:3      | Found a faded altar of an unknown god.
  2132 | D:4      | Noticed a black bear
  2139 | D:4      | a black bear changed into a fire bat
  2139 | D:4      | Noticed a fire bat
  2141 | D:4      | Reached XP level 6. HP: 42/51 MP: 6/6
  2146 | D:4      | XOM: polymorph kobold -> orc
  2161 | D:4      | HP: 1/51 [fire bat (4)]
  2161 | D:4      | Mangled by a fire bat

Illustrated notes

Levels and vault maps discovered:
D:1:      dpeg_arrival_simpleton_a, layout_loops_ring, serial_shops, shop,
          serial_bayou_lake_a
D:2:      layout_loops_cross
D:3:      minmay_general_purpose_star, layout_basic,
          mainiacjoe_overflow_tiny_flanked, serial_shops, nicolae_square_shop,
          shapermc_ecumenical_altar_mp_vishouse, nicolae_houndstooth_variations,
          uniq_terence
D:4:      layout_rooms, trog_book, bh_walls_and_bars, uniq_crazy_yiuf_cottage

Skill      XL: |  1  2  3  4  5 |
---------------+----------------+-----
Fighting       | 4 5 |  5.4
Axes           | 4 5 |  5.4
Armour         | |  1.7
Dodging        | |  0.8

Action                     |  1- 3 |  4- 6 || total
---------------------------+-------+-------++-------
  Melee: Hand axe          |    83 |    98 ||   181
         Dagger            |    80 |    23 ||   103
    Use: Scroll            |     4 |     2 ||     6
   Stab: Petrified         |     3 |       ||     3
         Confused          |       |     3 ||     3
 Armour: Leather armour    |    52 |    58 ||   110
  Dodge: Dodged            |    41 |    31 ||    72

Table legend: (Time is in decaauts)
 A = Elapsed time spent in this place.
 B = Non-inter-level travel time spent in this place.
 C = Inter-level travel time spent in this place.
 D = Time resting spent in this place.
 E = Time spent auto-exploring this place.
 F = Levels seen in this place.
 G = Mean time per level.
                   A        B        C        D        E       F      G
               +--------+--------+--------+--------+--------+-----+--------+
         Total |   2176 |   2080 |     96 |      0 |   1713 |   4 |  544.0 |
       Dungeon |   2176 |   2080 |     96 |      0 |   1713 |   4 |  544.0 |
               +--------+--------+--------+--------+--------+-----+--------+

Top non-repeatable levels by time:
     D:1: 868 daAuts
     D:2: 664 daAuts
     D:3: 617 daAuts
     D:4: 26 daAuts
